 Dungeon Crawl Stone Soup version 0.21.1-1-g345015f (webtiles) character file.

179 letownia2 the Conjurer (level 5, -1/28 HPs)
             Began as a Tengu Wizard on Mar 3, 2018.
             Slain by an orc wizard
             ... wielding a +0 dagger
              (3 damage)
             ... on level 4 of the Dungeon on Mar 4, 2018.
             The game lasted 00:10:42 (1217 turns).

letownia2 the Conjurer (Tengu Wizard)               Turns: 1217, Time: 00:10:43

Health: -1/28      AC:  3    Str: 10    XL:     5   Next: 59%
Magic:  1/10       EV: 12    Int: 19    God:
Gold:   79         SH:  0    Dex: 13    Spells: 1/10 levels left

rFire    + . .     SeeInvis .   u - staff of fire
rCold    . . .     Gourm    .   (no shield)
rNeg     . . .     Faith    .   s - +0 leather armour
rPois    .         Spirit   .   b - +0 hat
rElec    .         Reflect  .   (no cloak)
rCorr    .         Harm     .   (no gloves)
MR       .....                  (boots unavailable)
Stlth    ++........             (no amulet)
HPRegen  0.09/turn              k - +3 ring of strength
MPRegen  0.12/turn              (no ring)

@: no status effects
A: beak, talons 3, able to fly 1
a: Fly


You were on level 4 of the Dungeon.
You were not hungry.

You visited 1 branch of the dungeon, and saw 4 of its levels.

You collected 79 gold pieces.

Inventory:

Hand Weapons
 e - a +0 short sword
Armour
 a - a +0 robe
 b - a +0 hat (worn)
 s - a +0 leather armour (worn)
Magical Staves
 u - an uncursed staff of fire (weapon)
Jewellery
 k - a +3 ring of strength (left hand)
Wands
 j - a wand of acid (9)
Scrolls
 f - 2 scrolls of remove curse
 g - a scroll of blinking {unknown}
 h - 4 scrolls of identify
 l - a scroll of fear {unknown}
 m - a scroll of enchant weapon {unknown}
 r - a scroll of noise {unknown}
Potions
 i - a potion of brilliance
 n - a potion of lignification {unknown}
 o - a potion of heal wounds
 p - a potion of invisibility {unknown}
 t - 2 potions of flight {unknown}
Books
 c - a book of Minor Magic

   Spells                             Type                      Level
   a - Magic Dart                     Conjuration                  1
   b - Blink                          Translocation                2
   c - Call Imp                       Summoning                    2
   d - Slow                           Hexes                        2
   e - Conjure Flame                  Conjuration/Fire             3
   f - Mephitic Cloud                 Conjuration/Poison/Air       3
Comestibles
 d - 4 rations


   Skills:
 + Level 0.7 Fighting
 + Level 0.8 Armour
 + Level 2.5 Dodging
 - Level 2.0 Stealth
 - Level 3.0 Spellcasting
 + Level 5.4 Conjurations
 - Level 1.2 Summonings
   Level 0.7 Translocations
 - Level 1.7 Fire Magic
 - Level 2.0 Air Magic


You had one spell level left.
You knew the following spells:

 Your Spells              Type           Power        Failure   Level  Hunger
a - Magic Dart            Conj           ###.         2%          1    None
c - Conjure Flame         Conj/Fire      ###.....     14%         3    ###....
e - Mephitic Cloud        Conj/Pois/Air  ##......     22%         3    ###....
i - Call Imp              Summ           #.......     19%         2    ##.....


Dungeon Overview and Level Annotations

Branches:
Dungeon (4/15)
 Temple: D:4-7

Altars:
Kikubaaqudgha
Ru

Annotations:
D:4 jazmu's ghost, amateur OpWz


Innate Abilities, Weirdness & Mutations

You have a beak for a mouth.
You have claws for feet.
You can fly.


Message History

The orc wizard is almost dead.
The orc wizard gestures wildly while chanting.
The orc wizard flickers and vanishes!
Deactivating autopickup; reactivate with Ctrl-A.
The orc wizard hits you but does no damage.
You hit the orc wizard.
You kill the orc wizard!
You hear some strange, mumbled words.
A puff of frost appears from out of thin air!
The puff of frost hits you!
You hit something but do no damage. Your kick misses something.
Something hits you.
* * * LOW HITPOINT WARNING * * *
You hear some strange, mumbled words.
A puff of frost appears from out of thin air!
The puff of frost misses you.
You barely miss something. You peck something. Something hits you.
* * * LOW HITPOINT WARNING * * *
Something hits you.
You die...

#.###.#.#######
#.....#.#.....#
#######.#.....#
#####.#.....#
#.....#.....#
#.#####.....# #......#
#.# #.a...# #......#
#.#####.....###......#
#....@).......#......#
#######.....#.#......#
#.....#.#......#
#######.#......#
#.#a.....#
####.#o#....a
#....#.#.####
#.####.#.#
#.####o#.o.)o


You could see a worker ant (confused).

Vanquished Creatures
  A hound (D:4)
  An orc priest (D:4)
  An orc wizard (D:4)
  A worker ant (D:4)
  4 adders
  A dart slug (D:1)
  2 leopard geckos
  A giant cockroach (D:2)
  2 goblins
  8 hobgoblins
  4 jackals
  2 kobolds
  A bat (D:2)
  4 rats
33 creatures vanquished.

Notes
Turn   | Place    | Note
-------+----------+-------------------------------------------
     0 | D:1      | letownia2 the Tengu Wizard began the quest for the Orb.
     0 | D:1      | Reached XP level 1. HP: 10/10 MP: 5/5
    98 | D:1      | Reached skill level 2 in Conjurations
   146 | D:2      | Reached skill level 3 in Conjurations
   146 | D:2      | Reached XP level 2. HP: 3/15 MP: 7/7
   178 | D:2      | Learned a level 2 spell: Call Imp
   184 | D:2      | Reached XP level 3. HP: 6/19 MP: 4/8
   189 | D:2      | Learned a level 3 spell: Mephitic Cloud
   225 | D:2      | Reached skill level 4 in Conjurations
   349 | D:1      | Reached skill level 1 in Air Magic
   564 | D:3      | Reached XP level 4. HP: 13/24 MP: 4/9
   615 | D:3      | Learned a level 3 spell: Conjure Flame
   634 | D:3      | Found an ancient bone altar of Kikubaaqudgha.
   635 | D:3      | Found a sacrificial altar of Ru.
   684 | D:4      | Reached skill level 1 in Fire Magic
   728 | D:4      | Noticed jazmu's ghost (amateur OpWz)
   876 | D:4      | Reached skill level 5 in Conjurations
   876 | D:4      | Gained mutation: You can fly. [Tengu growth]
   876 | D:4      | Reached XP level 5. HP: 26/28 MP: 2/10
  1217 | D:4      | Slain by an orc wizard

Skill      XL: |  1  2  3  4 |
---------------+-------------+-----
Conjurations   | 3 4 5 |  5.4
Air Magic      | 2 |  2.0
Fire Magic     | 1 |  1.7
Fighting       | |  0.7
Armour         | |  0.8
Dodging        | |  2.5
Stealth        | |  2.0
Spellcasting   | |  3.0
Summonings     | |  1.2
Translocations | |  0.7

Action                   |  1- 3 |  4- 6 || total
-------------------------+-------+-------++-------
Melee: Short sword       |     8 |     2 ||    10
       Unarmed           |     1 |       ||     1
       Kick              |     2 |     3 ||     5
       Peck              |     1 |     2 ||     3
       Staff             |       |    20 ||    20
 Cast: Magic Dart        |    50 |    41 ||    91
       Mephitic Cloud    |     1 |     4 ||     5
Evoke: Wand              |     1 |       ||     1
  Use: Scroll            |     3 |       ||     3
 Stab: Sleeping          |     1 |       ||     1
  Eat: Chunk             |       |     1 ||     1
Armor: Robe              |    10 |       ||    10
       Leather armour    |       |     8 ||     8
Dodge: Dodged            |    33 |    19 ||    52
